 Dungeon Crawl Stone Soup version 0.30-a0-852-g08b95dd62f (webtiles) character file.

Game seed: 3456027085141890067

156 cforsyth the Magician (level 5, 0/28 HPs)
             Began as a Deep Elf Earth Elementalist on Mar 5, 2023.
             Slain by a kobold brigand
             ... wielding a +0 short sword
              (5 damage)
             ... on level 6 of the Dungeon.
             The game lasted 00:02:33 (2520 turns).

cforsyth the Magician (Deep Elf Earth Elementalist) Turns: 2520, Time: 00:02:34

Health: 0/28       AC:  3    Str: 11    XL:     5   Next: 15%
Magic:  10/15      EV: 12    Int: 22    God:
Gold:   91         SH:  0    Dex: 15    Spells: 11/15 levels left

rFire   . . .      SeeInvis .    (no weapon)
rCold   . . .      Faith    .    (no shield)
rNeg    . . .      Spirit   .    a - +0 robe
rPois   .          Reflect  .    m - +0 helmet
rElec   .          Rampage  .    (no cloak)
rCorr   .                        (no gloves)
Will    .....                    (no boots)
Stlth   ++                       (no amulet)
HPRegen 0.24/turn                g - +6 ring of strength
MPRegen 0.14/turn                (no ring)

@: lethally poisoned (0 -> -7), slowed, very slow
A: no striking features
a: no special abilities


You were on level 6 of the Dungeon.
You visited 1 branch of the dungeon, and saw 4 of its levels.

You collected 91 gold pieces.

Inventory:

Armour
 a - a +0 robe (worn)
 m - a +0 helmet (worn)
Jewellery
 g - a +6 ring of strength (left hand)
Scrolls
 e - 2 scrolls of identify {unknown}
 f - 2 scrolls of teleportation {unknown}
 k - a scroll of vulnerability {unknown}
 l - a scroll of amnesia {unknown}
 n - a scroll of summoning {unknown}
Potions
 b - 2 potions of magic
 c - 2 potions of berserk rage {unknown}
 d - 2 potions of brilliance {unknown}
 h - a potion of might {unknown}
 i - a potion of curing {unknown}
 j - a potion of flight {unknown}
 o - a potion of cancellation {unknown}


   Skills:
 - Level 2.4 Dodging
 - Level 2.4 Stealth
 + Level 5.5 Spellcasting
 - Level 1.1 Transmutations
 + Level 5.1 Earth Magic


You had 11 spell levels left.
You knew the following spells:

 Your Spells              Type           Power      Damage    Failure   Level
a - Sandblast             Erth           56%        2d13      1%          1
b - Stone Arrow           Conj/Erth      34%        3d9       10%         3

Your spell library contained the following spells:

 Spells                   Type           Power      Damage    Failure   Level
 Passwall                 Tmut/Erth      15%        N/A       4%          2
 Petrify                  Tmut/Erth      19%        N/A       26%         4


Dungeon Overview and Level Annotations

Branches:
Dungeon (3/15)

Altars:

Annotations:
D:2 1 runed translucent door, Crazy Yiuf


Message History

Memorise Stone Arrow, consuming 3 spell levels and leaving 11?
You start memorising the spell.
You continue memorising. x3
You finish memorising.
Spell assigned to 'b'.
Unknown command.
Magic restored.
A kobold brigand and a kobold come into view.
The kobold brigand is wielding a +0 short sword and quivering curare-tipped darts.
The blast of sand hits the kobold!
You kill the kobold!
You can't see any susceptible monsters within range! (Use Z to cast anyway.)
You can't see any susceptible monsters within range! (Use Z to cast anyway.)
The blast of sand hits the kobold brigand.
The kobold brigand is lightly wounded.
The kobold brigand shouts!
The kobold brigand throws a curare-tipped dart.
The curare-tipped dart barely misses you.
The blast of sand hits the kobold brigand but does no damage.
The kobold brigand is lightly wounded.
The blast of sand hits the kobold brigand!
The kobold brigand is moderately wounded.
The kobold brigand throws a curare-tipped dart.
The curare-tipped dart hits you.
You are poisoned.
You have difficulty breathing.
You feel yourself slow down.
The blast of sand hits the kobold brigand but does no damage.
The kobold brigand is moderately wounded.
You feel extremely sick.
The kobold brigand hits you but does no damage.
You are too injured to fight recklessly!
Casting: Sandblast (safe; 1% risk of failure)
Confirm with . or Enter, or press ? or * to list all spells.
Aiming: Sandblast (safe; 1% risk of failure)
Press: ? - help, Shift-Dir - straight line, f/p - kobold brigand
Aim: a kobold brigand, wielding a +0 short sword and quivering curare-tipped darts (moderately wounded, 79% to hit)
The blast of sand hits the kobold brigand!
The kobold brigand is heavily wounded.
* * * LOW HITPOINT WARNING * * *
You feel very sick.
The kobold brigand hits you with a +0 short sword.
You die...

### #.. #.#
##.####.#
#..@K)..#
#..######
#..# #..#
######..#
#.......#
#.####.##
#.###...####
#.##.......#


You could see a kobold brigand.

Vanquished Creatures
  A hound (D:6)
  Robin (D:2)
  4 adders
  A dart slug (D:2)
  An orc (D:3)
  5 ball pythons
  5 bats
  5 endoplasms
  6 giant cockroaches
  12 goblins
  7 hobgoblins
  10 kobolds
  5 quokkas
  3 frilled lizards (D:1)
  5 rats
71 creatures vanquished.

Notes
Turn   | Place    | Note
-------+----------+-------------------------------------------
     0 | D:1      | cforsyth the Deep Elf Earth Elementalist began the quest
                  | for the Orb.
     0 | D:1      | Reached XP level 1. HP: 10/10 MP: 6/6
   494 | D:1      | Reached XP level 2. HP: 15/15 MP: 5/8
   973 | D:1      | Reached XP level 3. HP: 19/19 MP: 8/10
  1199 | D:2      | Noticed Robin
  1203 | D:2      | Killed Robin
  1685 | D:2      | Reached XP level 4. HP: 24/24 MP: 9/12
  1960 | D:2      | Found a runed translucent door.
  1961 | D:2      | Noticed Crazy Yiuf
  2093 | D:3      | Reached skill level 5 in Spellcasting
  2349 | D:3      | You fall into a shaft and drop 3 floors!
  2372 | D:6      | Noticed a bullfrog
  2469 | D:6      | Reached skill level 5 in Earth Magic
  2469 | D:6      | Reached XP level 5. HP: 28/28 MP: 12/15
  2474 | D:6      | Learned a level 3 spell: Stone Arrow
  2520 | D:6      | Slain by a kobold brigand

Illustrated notes

Levels and vault maps discovered:
D:1:      dpeg_arrival_prison, layout_loops_corners, st_stairs_8
D:2:      layout_rooms, amcnicky_mini_rare_corridor_liquid,
          uniq_crazy_yiuf_cottage, uniq_robin
D:3:      layout_basic, hellmonk_ecumenical_altar_leap_of_faith,
          minmay_mini_jars
D:6:      layout_loops_ring, nicolae_dithmenos_the_darkroom

Skill      XL: |  1  2  3  4 |
---------------+-------------+-----
Spellcasting   | 4 5 |  5.5
Earth Magic    | 4 5 |  5.1
Dodging        | |  2.4
Stealth        | |  2.4
Transmutations | |  1.1

Action                     |  1- 3 |  4- 6 || total
---------------------------+-------+-------++-------
  Melee: Unarmed           |     8 |       ||     8
         Punch             |     1 |       ||     1
   Cast: Sandblast         |    63 |    36 ||    99
 Armour: Robe              |     4 |     4 ||     8
  Dodge: Dodged            |    16 |    10 ||    26

Table legend: (Time is in decaauts)
 A = Elapsed time spent in this place.
 B = Non-inter-level travel time spent in this place.
 C = Inter-level travel time spent in this place.
 D = Time resting spent in this place.
 E = Time spent auto-exploring this place.
 F = Levels seen in this place.
 G = Mean time per level.
                   A        B        C        D        E       F      G
               +--------+--------+--------+--------+--------+-----+--------+
         Total |   2569 |   2476 |     93 |    178 |   1879 |   4 |  642.2 |
       Dungeon |   2569 |   2476 |     93 |    178 |   1879 |   4 |  642.2 |
               +--------+--------+--------+--------+--------+-----+--------+

Top non-repeatable levels by time:
     D:1: 1372 daAuts
     D:2: 744 daAuts
     D:3: 276 daAuts
     D:6: 175 daAuts
